SL
CHATTANOOGA LOOKOUTS @ TENNESSEE SMOKIES
07/16/2108
 
TOP OF THE 1ST
Chattanooga Lookouts batting - Pitching for Tennessee Smokies : RHP Ben Dolan
Pitching: RHP Ben Dolan
Batting: LHB Miguel Guillen 0-0: Ball
1-0: Ball
2-0: Fly out, F8 (Flyball, 8LS, EV 92.5 MPH)
Batting: LHB Juan Gutierrez 0-0: Ball
1-0: Called Strike
1-1: Ball
2-1: SINGLE (Line Drive, 89M, EV 92.5 MPH)
Batting: LHB Tyler Blanche 0-0: 2-RUN HOME RUN (Flyball, 9D, EV 101.3 MPH), Distance : 375 ft
Batting: RHB Victor Jimenez 0-0: Ball
1-0: Ball
2-0: Called Strike
2-1: Ball
3-1: SINGLE (Groundball, 4MD, EV 99.4 MPH)
Batting: RHB Javy Flores 0-0: Fly out, F8 (Flyball, 78D, EV 105.6 MPH)
Batting: RHB Fletcher McGilvery 0-0: Ball
1-0: Called Strike
1-1: Swinging Strike
1-2: Strikes out looking
Top of the 1st over - 2 runs, 3 hits, 0 errors, 1 left on base; Chattanooga 2 - Tennessee 0
BOTTOM OF THE 1ST
Tennessee Smokies batting - Pitching for Chattanooga Lookouts : RHP Tony Macias
Pitching: RHP Tony Macias
Batting: RHB Sean Maestas 0-0: SOLO HOME RUN (Flyball, 78XD, EV 106.9 MPH), Distance : 412 ft
Batting: RHB Sergio Arana 0-0: Ball
1-0: Called Strike
1-1: Swinging Strike
1-2: Strikes out swinging
Batting: SHB Diego Barrera 0-0: Called Strike
0-1: Ball
1-1: Reached on error, E3 (Groundball, 34S, EV 90.6 MPH)
Batting: SHB Alex Torres 0-0: Called Strike
0-1: Ball
1-1: Ball
2-1: Ball
3-1: DOUBLE (Flyball, 9D, EV 92.5 MPH)
Diego Barrera scores
Batting: LHB Kyle Adams 0-0: Ball
1-0: Ball
2-0: Called Strike
2-1: Swinging Strike
2-2: Foul Ball, location: 3F
2-2: Foul Ball, location: 7LSF
2-2: Ball
3-2: Fly out, F8 (Flyball, 89S, EV 91.9 MPH)
Batting: RHB Zach Clark 0-0: Foul Ball, location: 2LF
0-1: Foul Ball, location: 9LMF
0-2: Strikes out swinging, 2-3 out at first.
Bottom of the 1st over - 2 runs, 2 hits, 1 error, 1 left on base; Chattanooga 2 - Tennessee 2
TOP OF THE 2ND
Chattanooga Lookouts batting - Pitching for Tennessee Smokies : RHP Ben Dolan
Batting: RHB Charlie Summerton 0-0: Ground out 3-1 (Groundball, 34S, EV 70.0 MPH)
Batting: RHB Pedro Mercado 0-0: Ball
1-0: Ball
2-0: Ground out 4-3 (Groundball, 4D, EV 105.6 MPH)
Batting: RHB Josh Claude 0-0: Ground out 6-3 (Groundball, 6, EV 85.6 MPH)
Top of the 2nd over - 0 runs, 0 hits, 0 errors, 0 left on base; Chattanooga 2 - Tennessee 2
BOTTOM OF THE 2ND
Tennessee Smokies batting - Pitching for Chattanooga Lookouts : RHP Tony Macias
Batting: LHB Toby Holloway 0-0: Ball
1-0: Called Strike
1-1: Ball
2-1: Swinging Strike
2-2: Foul Ball, location: 7LSF
2-2: Fly out, F8 (Flyball, 8RXD, EV 93.8 MPH)
Batting: RHB Cole Stein 0-0: Called Strike
0-1: Ball
1-1: Foul Ball, location: 2F
1-2: Foul Ball, location: 2F
1-2: Ball
2-2: Strikes out looking
Batting: RHB Brian Braly 0-0: Ball
1-0: Called Strike
1-1: Swinging Strike
1-2: Ball
2-2: Strikes out swinging
Bottom of the 2nd over - 0 runs, 0 hits, 0 errors, 0 left on base; Chattanooga 2 - Tennessee 2
TOP OF THE 3RD
Chattanooga Lookouts batting - Pitching for Tennessee Smokies : RHP Ben Dolan
Batting: LHB Miguel Guillen 0-0: Ground out 4-3 (Groundball, 34D, EV 106.9 MPH)
Batting: LHB Juan Gutierrez 0-0: Ball
1-0: Ball
2-0: Ground out U3 (Groundball, 3L, EV 79.4 MPH)
Batting: LHB Tyler Blanche 0-0: Ball
1-0: Ground out 4-3 (Groundball, 34D, EV 99.4 MPH)
Top of the 3rd over - 0 runs, 0 hits, 0 errors, 0 left on base; Chattanooga 2 - Tennessee 2
BOTTOM OF THE 3RD
Tennessee Smokies batting - Pitching for Chattanooga Lookouts : RHP Tony Macias
Batting: RHB Sean Maestas 0-0: Called Strike
0-1: Ball
1-1: Fly out, F8 (Flyball, 78S, EV 83.1 MPH)
Batting: RHB Sergio Arana 0-0: Fly out, F4 (Popup, 13, EV 76.3 MPH)
Batting: SHB Diego Barrera 0-0: Ball
1-0: SINGLE (Groundball, 6MD, EV 95.0 MPH)
Batting: SHB Alex Torres 0-0: TRIPLE (Line Drive, 89XD, EV 109.4 MPH)
Diego Barrera scores
Batting: LHB Kyle Adams 0-0: Fly out, F8 (Flyball, 8RM, EV 91.9 MPH)
Bottom of the 3rd over - 1 run, 2 hits, 0 errors, 1 left on base; Chattanooga 2 - Tennessee 3
TOP OF THE 4TH
Chattanooga Lookouts batting - Pitching for Tennessee Smokies : RHP Ben Dolan
Batting: RHB Victor Jimenez 0-0: Swinging Strike
0-1: Swinging Strike
0-2: Ball
1-2: Strikes out swinging
Batting: RHB Javy Flores 0-0: Called Strike
0-1: Ball
1-1: Called Strike
1-2: Foul Ball, location: 2F
1-2: Ball
2-2: Foul Ball, location: 9LSF
2-2: Ball
3-2: Strikes out swinging
Batting: RHB Fletcher McGilvery 0-0: Ball
1-0: Ball
2-0: Called Strike
2-1: Swinging Strike
2-2: Ball
3-2: Foul Ball, location: 9LSF
3-2: SINGLE (Line Drive, 7S, EV 91.3 MPH)
Batting: RHB Charlie Summerton 0-0: Ball
1-0: Called Strike
1-1: Swinging Strike
1-2: SINGLE (Flyball, 89S, EV 93.8 MPH)
Fletcher McGilvery to second
Runner from 2nd tries for 3rd, SAFE, throw by RF made to third
Batting: RHB Pedro Mercado 0-0: Swinging Strike
0-1: Ball
1-1: Swinging Strike
1-2: Foul Ball, location: 2F
1-2: Ball
2-2: DOUBLE (Line Drive, 7LS, EV 86.3 MPH)
Fletcher McGilvery scores
Charlie Summerton to third
Batting: RHB Josh Claude 0-0: Swinging Strike
0-1: Foul Ball, location: 2RF
0-2: Foul Ball, location: 2F
0-2: Ball
1-2: Foul Ball, location: 9LDF
1-2: Ball
2-2: Strikes out swinging
Top of the 4th over - 1 run, 3 hits, 0 errors, 2 left on base; Chattanooga 3 - Tennessee 3
BOTTOM OF THE 4TH
Tennessee Smokies batting - Pitching for Chattanooga Lookouts : RHP Tony Macias
Batting: RHB Zach Clark 0-0: Ball
1-0: Ball
2-0: Called Strike
2-1: Foul Ball, location: 9LDF
2-2: Ball
3-2: Strikes out swinging
Batting: LHB Toby Holloway 0-0: Ball
1-0: Ball
2-0: Ball
3-0: Called Strike
3-1: Fly out, F8 (Flyball, 89M, EV 94.4 MPH)
Batting: RHB Cole Stein 0-0: Ball
1-0: Called Strike
1-1: Ball
2-1: SINGLE (Line Drive, 89S, EV 110.0 MPH)
Batting: RHB Brian Braly 0-0: SINGLE (Line Drive, 89S, EV 105.0 MPH)
Cole Stein to second
Batting: RHB Sean Maestas 0-0: Called Strike
0-1: Ball
1-1: Swinging Strike
1-2: Ball
2-2: Ball
3-2: Base on Balls
Cole Stein to third
Brian Braly to second
Batting: RHB Sergio Arana 0-0: Called Strike
0-1: Ball
1-1: Swinging Strike
1-2: Foul Ball, location: 2F
1-2: Ball
2-2: Ball
3-2: Fly out, F7 (Flyball, 7LS, EV 93.8 MPH)
Bottom of the 4th over - 0 runs, 2 hits, 0 errors, 3 left on base; Chattanooga 3 - Tennessee 3
TOP OF THE 5TH
Chattanooga Lookouts batting - Pitching for Tennessee Smokies : RHP Ben Dolan
Batting: LHB Miguel Guillen 0-0: Ball
1-0: Fly out, F6 (Line Drive, 6M, EV 73.1 MPH)
Batting: LHB Juan Gutierrez 0-0: Called Strike
0-1: Swinging Strike
0-2: Ball
1-2: Ball
2-2: Ball
3-2: Foul Ball, location: 2F
3-2: Foul Ball, location: 3F
3-2: Fly out, F3 (Popup, 3SF, EV 65.0 MPH)
Batting: LHB Tyler Blanche 0-0: Foul Ball, location: 2F
0-1: Ball
1-1: Ball
2-1: Ball
3-1: Foul Ball, location: 2F
3-2: SOLO HOME RUN (Flyball, 8RXD, EV 112.5 MPH), Distance : 436 ft
Batting: RHB Victor Jimenez 0-0: Ball
1-0: Foul Ball, location: 7LMF
1-1: Ball
2-1: Called Strike
2-2: Ball
3-2: Foul Ball, location: 5F
3-2: Foul Ball, location: 7LMFF
3-2: Base on Balls
Batting: RHB Javy Flores 0-0: Ball
1-0: Called Strike
1-1: Ball
2-1: Foul Ball, location: 7LDF
2-2: Foul Ball, location: 2F
2-2: Strikes out looking
Top of the 5th over - 1 run, 1 hit, 0 errors, 1 left on base; Chattanooga 4 - Tennessee 3
BOTTOM OF THE 5TH
Tennessee Smokies batting - Pitching for Chattanooga Lookouts : RHP Tony Macias
Batting: SHB Diego Barrera 0-0: Ball
1-0: Ball
2-0: Foul Ball, location: 7LSF
2-1: Swinging Strike
2-2: Ball
3-2: Foul Ball, location: 3F
3-2: Strikes out swinging
Batting: SHB Alex Torres 0-0: Ground out U3 (Groundball, 34, EV 107.5 MPH)
Batting: LHB Kyle Adams 0-0: Called Strike
0-1: Ball
1-1: Swinging Strike
1-2: Strikes out swinging
Bottom of the 5th over - 0 runs, 0 hits, 0 errors, 0 left on base; Chattanooga 4 - Tennessee 3
TOP OF THE 6TH
Chattanooga Lookouts batting - Pitching for Tennessee Smokies : RHP Ben Dolan
Batting: RHB Fletcher McGilvery 0-0: Foul Ball, location: 23FF
0-1: Swinging Strike
0-2: Ball
1-2: Strikes out looking
Batting: RHB Charlie Summerton 0-0: Foul Ball, location: 2F
0-1: Fly out, F6 (Line Drive, 6, EV 65.6 MPH)
Batting: RHB Pedro Mercado 0-0: Foul Ball, location: 7LSF
0-1: Ball
1-1: Called Strike
1-2: Strikes out swinging
Top of the 6th over - 0 runs, 0 hits, 0 errors, 0 left on base; Chattanooga 4 - Tennessee 3
BOTTOM OF THE 6TH
Tennessee Smokies batting - Pitching for Chattanooga Lookouts : RHP Tony Macias
Pitching: LHP Marco Garcia
Batting: RHB Zach Clark 0-0: Ground out 6-3 (Groundball, 6, EV 85.0 MPH)
Batting: LHB Toby Holloway 0-0: Ball
1-0: Swinging Strike
1-1: Fly out, F8 (Flyball, 78XD, EV 98.8 MPH)
Batting: RHB Cole Stein 0-0: Ball
1-0: Swinging Strike
1-1: Swinging Strike
1-2: Strikes out swinging
Bottom of the 6th over - 0 runs, 0 hits, 0 errors, 0 left on base; Chattanooga 4 - Tennessee 3
TOP OF THE 7TH
Chattanooga Lookouts batting - Pitching for Tennessee Smokies : RHP Ben Dolan
Pitching: RHP Rob Jimenez
Batting: RHB Josh Claude 0-0: Ball
1-0: Called Strike
1-1: Ground out 5-3 (Groundball, 5, EV 103.1 MPH)
Batting: LHB Miguel Guillen 0-0: Ball
1-0: TRIPLE (Flyball, 89XD, EV 92.5 MPH)
Batting: LHB Juan Gutierrez 0-0: Called Strike
0-1: Swinging Strike
0-2: Strikes out looking
Batting: LHB Tyler Blanche 0-0: Ball
1-0: SINGLE (Line Drive, 9LM, EV 98.1 MPH)
Miguel Guillen scores
Batting: RHB Victor Jimenez 0-0: Ball
1-0: Ball
2-0: Called Strike
2-1: Called Strike
2-2: Strikes out swinging
Top of the 7th over - 1 run, 2 hits, 0 errors, 1 left on base; Chattanooga 5 - Tennessee 3
BOTTOM OF THE 7TH
Tennessee Smokies batting - Pitching for Chattanooga Lookouts : LHP Marco Garcia
Batting: RHB Brian Braly 0-0: Called Strike
0-1: Foul Ball, location: 9LSF
0-2: Foul Ball, location: 9LDF
0-2: Strikes out swinging
Batting: RHB Sean Maestas 0-0: Called Strike
0-1: Ball
1-1: Ball
2-1: Ball
3-1: Base on Balls
Batting: RHB Sergio Arana 0-0: Ball
1-0: Called Strike
1-1: Fly out, F4 (Popup, 4, EV 53.8 MPH)
Batting: SHB Diego Barrera 0-0: SINGLE (Line Drive, 9S, EV 92.5 MPH)
Sean Maestas to second
Runner from 2nd tries for 3rd, SAFE, throw by RF made to third
Batting: SHB Alex Torres 0-0: Foul Ball, location: 7LMF
0-1: Ball
Wild Pitch!
Sean Maestas scores
Diego Barrera to second
1-1: Ball
2-1: Ball
3-1: Called Strike
3-2: Strikes out swinging
Bottom of the 7th over - 1 run, 1 hit, 0 errors, 1 left on base; Chattanooga 5 - Tennessee 4
TOP OF THE 8TH
Chattanooga Lookouts batting - Pitching for Tennessee Smokies : RHP Rob Jimenez
Batting: RHB Javy Flores 0-0: Foul Ball, location: 5F
0-1: Swinging Strike
0-2: SINGLE (Line Drive, 8LS, EV 94.4 MPH)
Batting: RHB Fletcher McGilvery 0-0: Called Strike
0-1: Ball
1-1: Ground out 5-3 (Groundball, 6S, EV 86.9 MPH)
Javy Flores to second
Batting: RHB Charlie Summerton 0-0: Ground out 4-3 (Groundball, 4S, EV 75.0 MPH)
Javy Flores to third
Batting: RHB Pedro Mercado 0-0: Ball
1-0: Ball
2-0: Swinging Strike
2-1: Foul Ball, location: 9LDF
2-2: Foul Ball, location: 3SF
2-2: Strikes out swinging
Top of the 8th over - 0 runs, 1 hit, 0 errors, 1 left on base; Chattanooga 5 - Tennessee 4
BOTTOM OF THE 8TH
Tennessee Smokies batting - Pitching for Chattanooga Lookouts : LHP Marco Garcia
Pitching: RHP Tim Brockman
Batting: LHB Kyle Adams 0-0: Ball
1-0: SINGLE (Line Drive, 78S, EV 93.8 MPH)
Batting: RHB Zach Clark 0-0: Foul Ball, location: 3FF
0-1: Ball
1-1: Called Strike
1-2: Strikes out looking
Batting: LHB Toby Holloway 0-0: Called Strike
0-1: Called Strike
0-2: Ball
1-2: Fly out, F4 (Popup, 34, EV 67.5 MPH)
Batting: RHB Cole Stein 0-0: Reached on error, E6 (Groundball, 56, EV 100.0 MPH)
Kyle Adams to second
Batting: RHB Brian Braly 0-0: Foul Ball, location: 2F
0-1: Ball
1-1: Called Strike
1-2: Ball
2-2: Foul Ball, location: 7LSFF
2-2: Foul Ball, location: 2F
2-2: Ball
3-2: Strikes out swinging
Bottom of the 8th over - 0 runs, 1 hit, 1 error, 2 left on base; Chattanooga 5 - Tennessee 4
TOP OF THE 9TH
Chattanooga Lookouts batting - Pitching for Tennessee Smokies : RHP Rob Jimenez
Batting: RHB Josh Claude 0-0: Ball
1-0: Called Strike
1-1: Ball
2-1: Ground out 5-3 (Groundball, 56, EV 101.9 MPH)
Batting: LHB Miguel Guillen 0-0: Ball
1-0: Ball
2-0: Foul Ball, location: 9LSFF
2-1: Foul Ball, location: 9LMF
2-2: TRIPLE (Flyball, 78XD, EV 92.5 MPH)
Batting: LHB Juan Gutierrez 0-0: Called Strike
0-1: Called Strike
0-2: Strikes out looking
Batting: LHB Tyler Blanche 0-0: Swinging Strike
0-1: Called Strike
0-2: Foul Ball, location: 25F
0-2: Ball
1-2: Strikes out swinging
Top of the 9th over - 0 runs, 1 hit, 0 errors, 1 left on base; Chattanooga 5 - Tennessee 4
BOTTOM OF THE 9TH
Tennessee Smokies batting - Pitching for Chattanooga Lookouts : RHP Tim Brockman
Now at 1B: Jose Lopez
Batting: RHB Sean Maestas 0-0: Swinging Strike
0-1: Ground out 4-3 (Groundball, 4, EV 81.9 MPH)
Pinch Hitting: LHB Josh Harris 0-0: Foul Ball, location: 25F
0-1: Foul Ball, location: 2F
0-2: Strikes out swinging
Batting: SHB Diego Barrera 0-0: Ball
1-0: Ball
2-0: Foul Ball, location: 2F
2-1: Called Strike
2-2: Foul Ball, location: 23FF
2-2: Ball
3-2: Base on Balls
Pitching: RHP David Fewell
Batting: SHB Alex Torres 0-0: Ball
1-0: Fly out, F4 (Line Drive, 4, EV 67.5 MPH)
Bottom of the 9th over - 0 runs, 0 hits, 0 errors, 1 left on base; Chattanooga 5 - Tennessee 4
Sunday, March 23rd , 2025 - OOTP Baseball 25.11 Build 104